 Dungeon Crawl Stone Soup version 0.17.0-24-gcfadda4 (webtiles) character file.

98 Ijustatesigmund the Magician (level 4, 0/32 HPs)
             Began as a Demonspawn Wizard on Nov 16, 2015.
             Slain by an adder (2 damage)
             ... on level 3 of the Dungeon.
             The game lasted 00:08:57 (3454 turns).

Ijustatesigmund the Magician (Demonspawn Wizard)    Turns: 3454, Time: 00:08:59

Health: 0/32       AC:  4    Str:  7    XL:     4   Next: 43%
Magic:  1/8        EV: 12    Int: 20    God:
Gold:   155        SH:  0    Dex: 12    Spells: 4 memorised, 2 levels left

rFire  + . .     SeeInvis +     t - +0 rapier
rCold  + + .     Clarity  .     a - +0 robe
rNeg   . . .     SustAt   .     (no shield)
rPois  +         Gourm    .     b - +0 hat
rElec  +         Spirit   .     i - +1 cloak
rCorr  +         Warding  .     (no gloves)
rMut   .         Stasis   .     (no boots)
MR     .....                    (no amulet)
Stlth  +++.......               f - ring of stealth
                                g - ring of see invisible

@: lethally poisoned (0 -> -9), resistant, very slightly contaminated, repel
missiles, not resistant to hostile enchantments, fairly stealthy
A: talons 1, cold resistance 1
a: no special abilities


You were on level 3 of the Dungeon.
You were not hungry.

You visited 1 branch of the dungeon, and saw 3 of its levels.

You collected 155 gold pieces.

Inventory:

Hand Weapons
 t - a +0 rapier (weapon)
Missiles
 e - 44 poisoned needles
Armour
 a - a +0 robe (worn)
 b - a +0 hat (worn)
 i - a +1 cloak (worn)
Jewellery
 f - a ring of stealth (right hand)
 g - a ring of see invisible (left hand)
 q - a +2 ring of strength
Scrolls
 k - 2 scrolls of teleportation
 l - a scroll of amnesia
 s - a scroll of identify {unknown}
 u - a scroll of remove curse {unknown}
Potions
 h - a potion of cancellation {unknown}
 j - a potion of resistance
 m - a potion of curing {unknown}
 n - a potion of might {unknown}
 r - a potion of mutation {unknown}
Books
 c - a book of Minor Magic

   Spells                             Type                      Level
   a - Magic Dart                     Conjuration                  1
   b - Blink                          Translocation                2
   c - Call Imp                       Summoning                    2
   d - Repel Missiles                 Charms/Air                   2
   e - Slow                           Hexes                        2
   f - Conjure Flame                  Conjuration/Fire             3
   g - Mephitic Cloud                 Conjuration/Poison/Air       3
Comestibles
 d - 4 bread rations
 o - a meat ration
 p - 3 chunks of flesh


   Skills:
 - Level 1.2 Fighting
 - Level 2.4 Dodging
 + Level 2.7 Stealth
 - Level 3.0 Spellcasting
 + Level 2.8 Conjurations
 - Level 1.0 Summonings
 - Level 0.8 Translocations


You had 2 spell levels left.
You knew the following spells:

 Your Spells              Type           Power        Failure   Level  Hunger
a - Magic Dart            Conj           ##..         4%          1    None
b - Blink                 Tloc           N/A          17%         2    ##.....
c - Repel Missiles        Chrm/Air       #.....       24%         2    ##.....
d - Call Imp              Summ           #.......     17%         2    ##.....


Dungeon Overview and Level Annotations

Branches:
Dungeon (3/15)

Altars:

Annotations:
D:3 Ijyb


Innate Abilities, Weirdness & Mutations

You have sharp toenails.
Your flesh is cold resistant.


Message History

The adder poisons you! The adder barely misses you.
You are too injured to fight recklessly!
You are too injured to fight recklessly!
You are too injured to fight recklessly!
Casting: Magic Dart
Confirm with . or Enter, or press ? or * to list all spells.
Aiming: Magic Dart
Press: ? - help, Shift-Dir - straight line, f/p - adder
Aim: an adder (almost dead)
You miscast Magic Dart.
Wisps of smoke drift from your hands.
* * * LOW HITPOINT WARNING * * *
You feel sick. The adder bites you but does no damage.
Drink which item? (? for menu, Esc to quit)
It was a potion of resistance.
You feel protected.
* * * LOW HITPOINT WARNING * * *
You feel sick. The adder bites you.
* * * LOW HITPOINT WARNING * * *
The adder bites you.
You die...

... ..## ... ...
... ... ..##. ..
..# #... . #..
#..# # ##.. #..#
# #.. ##..# # #S#
#...## ## #@#
##....####.
########.#
##..##..##..
#......#.#
##..###.....#
#......#.####..##
#.....#
#..>...#.#....##
#.....#
#..........####
#.....#
#......#####
####### #......#
#......#


You could see an adder.

Vanquished Creatures
  4 adders
  A ball python (D:2)
  2 giant cockroaches (D:1)
  11 hobgoblins
  7 jackals
  7 kobolds
  A quokka (D:2)
  9 bats
  4 giant newts
  4 goblins
  6 rats
56 creatures vanquished.

Notes
Turn   | Place    | Note
--------------------------------------------------------------
     0 | D:1      | Ijustatesigmund the Demonspawn Wizard began the quest for the Orb.
     0 | D:1      | Reached XP level 1. HP: 13/13 MP: 4/4
   556 | D:1      | Gained mutation: You have sharp toenails. [demonic ancestry]
   556 | D:1      | Reached XP level 2. HP: 20/20 MP: 4/6
   560 | D:1      | Learned a level 2 spell: Blink
   563 | D:1      | Learned a level 2 spell: Repel Missiles
  1229 | D:1      | Learned a level 2 spell: Call Imp
  1748 | D:2      | Reached XP level 3. HP: 25/25 MP: 3/7
  1778 | D:2      | Reached skill level 1 in Fighting
  2405 | D:2      | Gained mutation: Your flesh is cold resistant. [demonic ancestry]
  2405 | D:2      | Reached XP level 4. HP: 20/32 MP: 2/8
  2888 | D:3      | Noticed Ijyb
  3454 | D:3      | Slain by an adder

Action                   |  1- 3 |  4- 6 || total
-------------------------+-------+-------++-------
Melee: Unarmed           |    87 |       ||    87
       Hand axe          |     3 |       ||     3
       Short sword       |     1 |    10 ||    11
       Rapier            |       |     6 ||     6
 Cast: Magic Dart        |   115 |    42 ||   157
       Repel Missiles    |     1 |       ||     1
       Blink             |       |     1 ||     1
  Use: Scroll            |     3 |       ||     3
       Potion            |       |     1 ||     1
 Stab: Sleeping          |     1 |       ||     1
  Eat: Chunk             |     4 |     4 ||     8
